 Dungeon Sprint DCSS version 0.17-a0-1646-geb1493d (webtiles) character file.

10444 Kidiri the Unseen (level 11, -6/47 HPs)
             Began as a Spriggan Enchanter on Aug 10, 2015.
             Was the Champion of Dithmenos.
             Mangled by an unseen horror (10 damage)
             ... in the Dungeon (Sprint I: "Red Sonja").
             The game lasted 00:23:36 (4337 turns).

Kidiri the Unseen (Spriggan Enchanter)              Turns: 4337, Time: 00:23:36

Health: -6/47      AC:  3    Str:  7    XL:     11   Next: 36%
Magic:  30/30      EV: 31    Int: 17    God:    Dithmenos [******]
Gold:   1862       SH:  0    Dex: 16    Spells: 10 memorised, 2 levels left

rFire  . . .     SeeInvis +     k - +0 short sword (distort)
rCold  . . .     Clarity  .     b - +1 robe
rNeg   . . .     SustAt   .     (shield restricted)
rPois  .         Gourm    .     (helmet restricted)
rElec  .         Spirit   .     (no cloak)
rCorr  .         Warding  .     (gloves unavailable)
rMut   .         NoTele   +     (boots unavailable)
MR     +....                    (no amulet)
Stlth  ++++++++++               (no ring)
                                p - +3 ring of strength

@: very slightly contaminated, wreathed by umbra, very quick, somewhat resistant
to hostile enchantments, uncannily stealthy
A: unfitting armour, see invisible, clumsy 1, dopey 1, herbivore 3, speed 3,
screaming 1, slow metabolism 2, MP-powered wands
a: Shadow Step, Shadow Form, Renounce Religion


You were in the Dungeon.
You worshipped Dithmenos.
Dithmenos was exalted by your worship.
You were not hungry.

You visited 1 branch You collected 2687 gold pieces.
You spent 825 gold pieces at shops.

Inventory:

Hand weapons
 k - a +0 short sword of distortion (weapon)
 m - a +0 war axe
Armour
 b - a +1 robe (worn)
Jewellery
 p - a +3 ring of strength (left hand)
Magical devices
 o - a wand of frost (22)
Scrolls
 f - a scroll of enchant armour {unknown}
 l - 2 scrolls of identify {unknown}
 n - a scroll of fear {unknown}
Potions
 g - 3 potions of haste
 h - 2 potions of magic
 i - a potion of berserk rage
Comestibles
 d - a bread ration


   Skills:
 + Level 9.6 Short Blades
 * Level 16.5 Dodging
 * Level 18.1 Stealth
 * Level 14.3 Spellcasting
 + Level 6.2 Conjurations
 + Level 11.1 Hexes
 + Level 5.4 Translocations
 + Level 4.4 Transmutations
 + Level 7.1 Ice Magic
 + Level 3.3 Earth Magic
 - Level 6.2 Invocations


You had 2 spell levels left.
You knew the following spells:

 Your Spells              Type           Power        Failure   Level  Hunger
a - Corona                Hex            ######.      1%          1    None
b - Ensorcelled Hibernat  Hex/Ice        #####.       1%          2    None
c - Confuse               Hex            ######..     1%          3    None
d - Tukima's Dance        Hex            ######..     1%          3    None
e - Dazzling Spray        Conj/Hex       #####...     1%          3    None
f - Passwall              Trmt/Erth      ####......   4%          3    None
g - Passage of Golubria   Tloc           N/A          8%          4    #......
h - Lee's Rapid Deconstr  Erth           ###.......   45%         5    ####...
i - Darkness              Hex            ######....   12%         6    ######.
j - Invisibility          Hex            ######..     12%         6    ######.


Dungeon Overview and Level Annotations

Branches:
Dungeon (1/1)

Altars:
Cheibriados
Dithmenos
Elyvilon
Fedhas
Gozag
Kikubaaqudgha
Makhleb
Nemelex Xobeh
Okawaru
Qazlal
Ru
Sif Muna
Trog
Vehumet
Xom
Yredelemnul
Zin
The Shining One
Jiyva

Shops:
D :[=[(*}[}=*?!*}[*


Innate Abilities, Weirdness & Mutations

You are tiny and cannot use many weapons and most armour.
You have supernaturally acute eyesight.
You are a herbivore.
You cover ground extremely quickly.
You need consume almost no food.
You are clumsy. (Dex -2)
You are dopey. (Int -2)
You occasionally shout uncontrollably at your foes.
You expend magic power (3 MP) to strengthen your wands.


Message History

* * * LOW HITPOINT WARNING * * *
Unknown command.
The unseen horror closely misses you. x2
The unseen horror barely misses you.
The unseen horror hits you but does no damage.
The unseen horror completely misses you.
There is an open door, spattered with blood here.
The unseen horror closely misses you. The unseen horror barely misses you.
The unseen horror hits you.
* * * LOW HITPOINT WARNING * * *
Drink which item? (? for menu, Esc to quit)
Okay, then.
There is an open door here.
Really walk into a travel-excluded area?
Okay, then.
Unknown command.
The unseen horror misses you. The unseen horror misses you.
The unseen horror hits you!
You die...

#################################
#.)'..#__#..'..[#..#§§§§x§§§.§§§.
'..#..'..'..#...##+#x####.§§..##.
#####+#__####...@x§#§#:###§..####
#...#(####§§#####x§§.#+#.###x# $[
#..##.#§§§§§#§§##+####^....#§##$$
##+#..+§≈§.§+§§#..§.§#...###x.###
.+.(._#(§§§§#§§#..§§§+.....##.#A#
##_.#+##+#####+###§§.#^....#.x###
###+#[#....###.+.#§.§###++##.##..
###)####+###.###.#§§###.§###§.#+#
.+...+..)..+.∩##.#.(####.§###.x.#


You could see 2 unseen horrors.

Vanquished Creatures
  Norris (D)
  A lorocyproca (D)
  A hydra (D)
  2 centaur warriors (D)
  Sonja (D)
  2 unseen horrors (D)
  A lindwurm (D)
  An oklob plant (D)
  A gargoyle (D)
  2 kobold demonologists (D)
  A demonic crawler (D)
  A slime creature (D)
  Sigmund (D)
  4 trapdoor spiders (D)
  A yak (D)
  12 hogs (D)
  5 necrophages (D)
  A wasp (D)
  An ogre (D)
  7 jellies (D)
  Ijyb (D)
  3 giant eyeballs (D)
  A ballistomycete (D)
  A giant spore (D)
53 creatures vanquished.

Vanquished Creatures (others)
  A shadow dragon (D)
  A deep troll (D)
  A gargoyle (D)
  A hellwing (D)
  A hog (D)
  A wasp (D)
  2 necrophages (D)
  A jelly (D)
  A giant spore (D)
10 creatures vanquished.

Grand Total: 63 creatures vanquished

Notes
Turn   | Place    | Note
--------------------------------------------------------------
     0 | D        | Kidiri the Spriggan Enchanter began the quest for the Orb.
     0 | D        | Reached XP level 1. HP: 9/9 MP: 5/5
     2 | D        | Noticed Ijyb
    10 | D        | Lost strength.
    56 | D        | Killed Ijyb
    56 | D        | Reached skill level 5 in Dodging
    56 | D        | Reached skill level 6 in Stealth
    56 | D        | Reached XP level 2. HP: 11/13 MP: 6/8
   211 | D        | Learned a level 2 spell: Ensorcelled Hibernation
   217 | D        | Noticed an ogre
   220 | D        | Killed an ogre
   220 | D        | Reached skill level 7 in Dodging
   220 | D        | Reached skill level 8 in Stealth
   220 | D        | Reached skill level 5 in Spellcasting
   220 | D        | Reached skill level 5 in Hexes
   220 | D        | Reached skill level 1 in Ice Magic
   220 | D        | Reached XP level 3. HP: 16/16 MP: 7/11
   220 | D        | Reached XP level 4. HP: 21/21 MP: 7/12
   265 | D        | Learned a level 3 spell: Confuse
   269 | D        | Learned a level 3 spell: Tukima's Dance
   273 | D        | Learned a level 3 spell: Dazzling Spray
   273 | D        | Noticed Sigmund
   276 | D        | Killed Sigmund
   276 | D        | Reached skill level 9 in Stealth
   276 | D        | Reached skill level 1 in Conjurations
   276 | D        | Reached XP level 5. HP: 24/24 MP: 12/15
   301 | D        | Found a snail-covered altar of Cheibriados.
   301 | D        | Found a viscous altar of Jiyva.
   301 | D        | Found a shadowy altar of Dithmenos.
   301 | D        | Found a blossoming altar of Fedhas.
   301 | D        | Noticed a slime creature
   317 | D        | Killed a slime creature
   317 | D        | Reached skill level 5 in Short Blades
   317 | D        | Reached skill level 10 in Dodging
   317 | D        | Reached skill level 11 in Stealth
   317 | D        | Reached XP level 6. HP: 15/28 MP: 10/18
   319 | D        | Became a worshipper of Dithmenos the Shadowed
   471 | D        | Found a deep blue altar of Sif Muna.
   472 | D        | Noticed a jelly
   473 | D        | Found a radiant altar of Vehumet.
   477 | D        | Killed a jelly
   511 | D        | Found Kuam's Armour Emporium.
   511 | D        | Found a white marble altar of Elyvilon.
   511 | D        | Found a stormy altar of Qazlal.
   511 | D        | Found a burning altar of Makhleb.
   511 | D        | Found a sacrificial altar of Ru.
   511 | D        | Found a basalt altar of Yredelemnul.
   511 | D        | Found a glowing golden altar of the Shining One.
   511 | D        | Found a sparkling altar of Nemelex Xobeh.
   511 | D        | Found a shimmering altar of Xom.
   511 | D        | Found an opulent altar of Gozag.
   511 | D        | Found an ancient bone altar of Kikubaaqudgha.
   511 | D        | Found a glowing silver altar of Zin.
   511 | D        | Noticed a yak
   512 | D        | Found an iron altar of Okawaru.
   513 | D        | Killed a yak
   513 | D        | Reached skill level 1 in Invocations
   513 | D        | Reached XP level 7. HP: 32/32 MP: 18/20
   514 | D        | Found a bloodstained altar of Trog.
   526 | D        | Noticed Sonja
   531 | D        | Killed Sonja
   531 | D        | Reached skill level 12 in Stealth
   531 | D        | Reached skill level 10 in Spellcasting
   531 | D        | Reached XP level 8. HP: 36/36 MP: 19/23
   561 | D        | Found Metoy's Book Boutique.
   584 | D        | Noticed a deep troll
   598 | D        | Found Cuapruh's Armour Emporium.
   626 | D        | Noticed a centaur warrior
   626 | D        | Noticed a centaur warrior
   648 | D        | Killed a centaur warrior
   648 | D        | Reached skill level 13 in Stealth
   653 | D        | Killed a centaur warrior
   653 | D        | Reached skill level 14 in Stealth
   653 | D        | Reached skill level 5 in Ice Magic
   653 | D        | Reached XP level 9. HP: 22/39 MP: 3/25
   715 | D        | Killed a deep troll
   790 | D        | Noticed a wasp
   893 | D        | Killed a gargoyle
   900 | D        | Killed a wasp
   900 | D        | Acquired Dithmenos's first power
   910 | D        | Noticed an oklob plant
   912 | D        | Killed an oklob plant
   920 | D        | Noticed a trapdoor spider
   921 | D        | Killed a trapdoor spider
   925 | D        | Noticed a trapdoor spider
   926 | D        | Killed a trapdoor spider
   930 | D        | Noticed a trapdoor spider
   931 | D        | Noticed a trapdoor spider
   932 | D        | Killed a trapdoor spider
   932 | D        | Reached skill level 15 in Stealth
   937 | D        | Killed a trapdoor spider
   937 | D        | Acquired Dithmenos's second power
   937 | D        | Reached skill level 5 in Invocations
   939 | D        | Noticed a jelly
   939 | D        | Noticed a jelly
   948 | D        | Noticed an unseen horror
   949 | D        | Noticed an unseen horror
   961 | D        | Killed an unseen horror
   963 | D        | Killed an unseen horror
   963 | D        | Reached skill level 5 in Conjurations
   963 | D        | Reached XP level 10. HP: 36/44 MP: 16/27
  1020 | D        | Noticed a jelly
  1020 | D        | Noticed a jelly
  1020 | D        | Noticed a jelly
  1020 | D        | Noticed a jelly
  1020 | D        | Noticed a jelly
  1024 | D        | Killed a jelly
  1025 | D        | Killed a jelly
  1025 | D        | Acquired Dithmenos's third power
  1027 | D        | Killed a jelly
  1028 | D        | Killed a jelly
  1032 | D        | Killed a jelly
  1032 | D        | Reached skill level 16 in Stealth
  1034 | D        | Killed a jelly
  1083 | D        | Killed a jelly
  1182 | D        | Noticed a necrophage
  1182 | D        | Noticed a necrophage
  1182 | D        | Noticed a necrophage
  1182 | D        | Noticed a necrophage
  1182 | D        | Noticed a necrophage
  1182 | D        | Noticed a necrophage
  1182 | D        | Noticed a necrophage
  1184 | D        | Killed a necrophage
  1186 | D        | Killed a necrophage
  1187 | D        | Banished a necrophage
  1187 | D        | Reached skill level 10 in Hexes
  1196 | D        | Killed a necrophage
  1203 | D        | Killed a necrophage
  1203 | D        | Acquired Dithmenos's fourth power
  1210 | D        | Killed a necrophage
  1410 | D        | Killed a necrophage
  1440 | D        | Found Rotine's Armour Shoppe.
  1440 | D        | Found Mill's Jewellery Shop.
  1440 | D        | Found Ytimukui's Weapon Boutique.
  1442 | D        | Found Ceshua's General Store.
  1442 | D        | Found Avaff's Gadget Shop.
  1442 | D        | Found Evik's Antique Armour Shoppe.
  1442 | D        | Found Curhuupoiv's Gadget Boutique.
  1442 | D        | Found Beulahiu's Jewellery Emporium.
  1442 | D        | Found Rogud's General Store.
  1442 | D        | Found Tefoqedi's Magic Scroll Shoppe.
  1446 | D        | Found Xomo's Distillery.
  1447 | D        | Found Kun Zic's Gadget Emporium.
  1447 | D        | Found Exisoeciutz's General Store.
  1448 | D        | Found Ferghip's Assorted Antiques.
  1554 | D        | Gained mutation: You are clumsy. (Dex -2) [mutagenic glow]
  1608 | D        | Gained mutation: You occasionally shout uncontrollably at your foes. [mutagenic glow]
  1636 | D        | Gained mutation: You are dopey. (Int -2) [mutagenic glow]
  1659 | D        | Gained mutation: You expend magic power (3 MP) to strengthen your wands. [mutagenic glow]
  2101 | D        | Bought a book of Burglary for 825 gold pieces
  2105 | D        | Learned a level 3 spell: Passwall
  2110 | D        | Learned a level 4 spell: Passage of Golubria
  2116 | D        | Learned a level 5 spell: Lee's Rapid Deconstruction
  2123 | D        | Learned a level 6 spell: Darkness
  2269 | D        | Noticed a kobold demonologist
  2270 | D        | Noticed a kobold demonologist
  2272 | D        | Killed a kobold demonologist
  2272 | D        | Reached skill level 15 in Dodging
  2274 | D        | Killed a kobold demonologist
  2408 | D        | Noticed a demonic crawler
  2408 | D        | Noticed a demonic crawler
  2408 | D        | Noticed a demonic crawler
  2408 | D        | Noticed a demonic crawler
  2660 | D        | Killed a demonic crawler
  2960 | D        | Killed a hellwing
  3138 | D        | Noticed a lindwurm
  3142 | D        | Killed a lindwurm
  3142 | D        | Reached skill level 1 in Translocations
  3142 | D        | Reached skill level 1 in Transmutations
  3151 | D        | Noticed a hog
  3151 | D        | Noticed a hog
  3151 | D        | Noticed a hog
  3151 | D        | Noticed a hog
  3151 | D        | Noticed a hog
  3151 | D        | Noticed a hog
  3151 | D        | Noticed a hog
  3151 | D        | Noticed a hog
  3151 | D        | Noticed a hog
  3152 | D        | Noticed a hog
  3152 | D        | Noticed a hog
  3152 | D        | Noticed a hog
  3153 | D        | Killed a hog
  3153 | D        | Reached skill level 1 in Earth Magic
  3154 | D        | Killed a hog
  3157 | D        | Killed a hog
  3157 | D        | Reached skill level 17 in Stealth
  3163 | D        | Killed a hog
  3165 | D        | Killed a hog
  3168 | D        | Killed a hog
  3169 | D        | Killed a hog
  3171 | D        | Killed a hog
  3173 | D        | Killed a hog
  3174 | D        | Banished a hog
  3175 | D        | Noticed a hog
  3176 | D        | Killed a hog
  3177 | D        | Killed a hog
  3179 | D        | Killed a hog
  3179 | D        | Reached XP level 11. HP: 36/46 MP: 17/29
  3282 | D        | Noticed a 12-headed hydra
  3284 | D        | Killed a 12-headed hydra
  3342 | D        | Learned a level 6 spell: Invisibility
  3358 | D        | Noticed a lorocyproca
  3359 | D        | Noticed Norris
  3504 | D        | Noticed a gargoyle
  3506 | D        | Killed a gargoyle
  3600 | D        | Killed a shadow dragon
  4032 | D        | Killed Norris
  4052 | D        | Killed a wasp
  4176 | D        | Killed a lorocyproca
  4176 | D        | Reached skill level 18 in Stealth
  4176 | D        | Reached skill level 5 in Translocations
  4314 | D        | Noticed a daeva
  4317 | D        | Noticed an unseen horror
  4317 | D        | Noticed an unseen horror
  4317 | D        | Noticed an unseen horror
  4318 | D        | Noticed an unseen horror
  4319 | D        | Noticed an unseen horror
  4337 | D        | Mangled by an unseen horror

Vault maps used:
D:        dungeon_sprint_1

Action                   |  1- 3 |  4- 6 |  7- 9 | 10-12 || total
-------------------------+-------+-------+-------+-------++-------
Melee: Unarmed           |    32 |       |       |       ||    32
       Dagger            |    15 |    14 |     1 |       ||    30
       Short sword       |       |       |    18 |    71 ||    89
 Fire: Shortbow          |       |       |       |     1 ||     1
 Cast: Corona            |     2 |       |       |     1 ||     3
       Ensorcelled Hiber |     1 |       |    10 |    12 ||    23
       Confuse           |       |     1 |     3 |     1 ||     5
       Dazzling Spray    |       |     1 |     3 |    38 ||    42
       Tukima's Dance    |       |       |     1 |       ||     1
       Passwall          |       |       |       |     9 ||     9
       Lee's Rapid Decon |       |       |       |     2 ||     2
Invok: Shadow Step       |       |       |       |     1 ||     1
  Use: Potion            |       |       |     1 |     6 ||     7
       Scroll            |       |       |       |     1 ||     1
 Stab: Sleeping          |     2 |     3 |    11 |    21 ||    37
       Confused          |       |     3 |       |       ||     3
       Invisible         |       |       |     2 |     5 ||     7
  Eat: Fruit             |       |       |       |     3 ||     3
